 Dungeon Crawl Stone Soup version 0.24.0-2-g5b39cebb1c (webtiles) character file.

Game seed: 5865354237615379981, levelgen mode: deterministic

1512 Arixos the Chiller (level 9, -4/51 HPs)
             Began as a Kobold Ice Elementalist on Oct 31, 2019.
             Was a Follower of Ashenzari.
             Killed by divine providence
             ... invoked by an orc priest
              (14 damage)
             ... on level 5 of the Dungeon.
             The game lasted 00:45:39 (9002 turns).

Arixos the Chiller (Kobold Ice Elementalist)        Turns: 9002, Time: 00:45:39

Health: -4/51      AC:  4    Str: 11    XL:     9   Next: 9%
Magic:  9/17       EV: 16    Int: 19    God:    Ashenzari [*.....]
Gold:   205        SH:  0    Dex: 15    Spells: 7/18 levels left

rFire    . . .     SeeInvis +   i - +0 dagger (venom)
rCold    . . .     Gourm    .   (shield restricted)
rNeg     . . .     Faith    .   y - +0 leather armour (curse)
rPois    .         Spirit   .   (no helmet)
rElec    .         Reflect  .   u - +0 cloak
rCorr    .         Harm     .   (no gloves)
MR       .....                  (no boots)
Stlth    ++........             (no amulet)
HPRegen  0.17/turn              q - ring of see invisible
MPRegen  0.15/turn              w - +5 ring of strength

@: no status effects
A: small, carnivore
a: Curse Item, Scrying, Renounce Religion


You were on level 5 of the Dungeon.
You worshipped Ashenzari.
Ashenzari was aware of your devotion.
You were very full.

You visited 1 branch of the dungeon, and saw 5 of its levels.
You also visited: Sewer.

You collected 205 gold pieces.

Inventory:

Hand Weapons
 i - a +0 dagger of venom (weapon)
Missiles
 b - 45 poisoned darts (quivered)
Armour
 u - a +0 cloak (worn)
 y - a cursed +0 leather armour (worn)
Jewellery
 q - a ring of see invisible (left hand)
 v - an uncursed amulet of guardian spirit
 w - a +5 ring of strength (right hand)
Scrolls
 a - 3 scrolls of identify {unknown}
 d - a scroll of blinking
 f - a scroll of random uselessness {unknown}
 g - a scroll of magic mapping {unknown}
 h - a scroll of amnesia {unknown}
 l - a scroll of teleportation {unknown}
 s - 5 scrolls of fog
 t - 3 scrolls of fear
 x - a scroll of noise {unknown}
Potions
 e - a potion of magic {unknown}
 k - 4 potions of haste {unknown}
 m - 3 potions of degeneration {unknown}
 n - a potion of berserk rage {unknown}
 o - 4 potions of curing {unknown}
 p - 3 potions of brilliance {unknown}
 r - 2 potions of lignification {unknown}
Comestibles
 c - 7 rations
 j - 8 chunks of flesh


   Skills:
 + Level 3.6 Fighting
 + Level 4.8 Dodging
 - Level 2.6 Stealth
 * Level 5.4 Spellcasting
 * Level 4.8 Conjurations
 * Level 3.4 Summonings
 * Level 5.8 Ice Magic


You had 7 spell levels left.
You knew the following spells:

 Your Spells              Type           Power        Failure   Level  Hunger
a - Throw Frost           Conj/Ice       ####..       2%          2    None
q - Summon Ice Beast      Ice/Summ       ###.....     22%         4    ####...
r - Throw Icicle          Conj/Ice       ####....     17%         4    ####...
A - Freeze                Ice            ####         1%          1    None

Your spell library contained the following spells:

 Spells                   Type           Power        Failure   Level  Hunger
 Ozocubu's Armour         Chrm/Ice       ###.....     14%         3    ##.....
 Confusing Touch          Hex            #.....       16%         1    None
 Confuse                  Hex            #.......     43%         3    ##.....
 Gell's Gravitas          Tloc           #.........   43%         3    ##.....
 Metabolic Englaciation   Hex/Ice        ###.......   78%         5    #####..
 Petrify                  Tmut/Erth      #.......     83%         4    ####...
 Yara's Violent Unravell  Hex/Tmut       #.........   99%         5    #####..


Dungeon Overview and Level Annotations

Branches:
Dungeon (5/15)              Sewer (visited)
 Temple: D:4-7

Altars:
Ashenzari
Yredelemnul

Annotations:
D:5 Grinder


Innate Abilities, Weirdness & Mutations

You are small and have problems with some larger weapons.
You are carnivorous and can eat meat at any time.


Message History

Grinder hits your ice beast but does no damage.
Your ice beast hits Grinder.
Your ice beast freezes Grinder.
Grinder resists.
Grinder hits your ice beast.
Your ice beast writhes in agony.
Your ice beast hits Grinder but does no damage.
Grinder hits your ice beast.
Your ice beast writhes in agony.
Casting: Summon Ice Beast (slightly dangerous; 22% risk of failure)
Confirm with . or Enter, or press ? or * to list all spells.
A chill wind blows around you.
The orc priest shouts!
Your ice beast misses Grinder.
Your ice beast closely misses Grinder.
Grinder gestures at you.
Your ice beast suddenly stops moving!
Grinder gestures at you.
Your ice beast writhes in agony.
Your ice beast misses the orc priest.
The orc priest looks braver for a moment.
The orc priest invokes the aid of Beogh against you.
Beogh smites you!
You die...

o## #...# s.##.# o. ####...#
#.##<# .. #......# # #.##.# .##
#......# .## #.#.##.######
.##.#......##..##.#......[.....
##.##.................#.##.#####.
.......).....######.#.#.##.# #.
.#.##.#.#...............##.# #.
.#.# #.#...Y...@..........#####.
.#.# #.#.o#..###.#.#.....o......
##.####.#..##.# #.#.#.#.########.
........#.Y##.###.#.#.#.# #.
##.####...............#.# #.
.#)####....o......#.#.#.# #.
.).5Y.................[.# #.
.#.####.#.........#.###.########.
.#.# #........##.#.#...)......#.


You could see an orc priest and a friendly ice beast.

Vanquished Creatures
  A hippogriff (D:5)
  Edmund (D:4)
  An orc warrior (D:5)
  An ogre (D:5)
  2 centaurs
  2 bullfrogs (Sewer)
  2 scorpions (D:5)
  A howler monkey (D:5)
  2 orc wizards
  2 orc priests
  2 jellies (D:5)
  3 iguanas
  A worker ant (D:4)
  4 gnolls (D:2)
  15 adders
  2 river rats (Sewer)
  An ooze (Sewer)
  5 worms
  3 dart slugs
  3 leopard geckos
  24 orcs
  11 ball pythons
  7 giant cockroaches
  4 goblins
  8 hobgoblins
  3 jackals (D:3)
  2 quokkas (D:3)
  5 bats
  3 frilled lizards (Sewer)
  3 kobolds
  A leopard gecko skeleton (D:4)
  36 rats
161 creatures vanquished.

Notes
Turn   | Place    | Note
-------+----------+-------------------------------------------
     0 | D:1      | Arixos the Kobold Ice Elementalist began the quest for the
                  | Orb.
     0 | D:1      | Reached XP level 1. HP: 10/10 MP: 3/3
   174 | D:1      | Reached XP level 2. HP: 16/16 MP: 0/5
   229 | D:1      | Learned a level 2 spell: Throw Frost
   800 | D:2      | Reached XP level 3. HP: 15/20 MP: 4/6
   900 | D:2      | Reached skill level 1 in Fighting
  1281 | D:2      | Found a faded altar of an unknown god.
  1305 | D:2      | Reached XP level 4. HP: 9/25 MP: 2/8
  1509 | D:2      | Learned a level 4 spell: Throw Icicle
  1741 | D:2      | Reached XP level 5. HP: 24/29 MP: 1/9
  1834 | D:2      | Found a basalt altar of Yredelemnul.
  1979 | D:2      | Became a worshipper of Ashenzari the Shackled
  1979 | D:2      | Reached * piety under Ashenzari
  2330 | D:3      | Found a glowing drain.
  2337 | Sewer    | Entered a sewer
  2867 | Sewer    | Reached XP level 6. HP: 33/35 MP: 6/11
  3291 | D:3      | Learned a level 4 spell: Summon Ice Beast
  3308 | D:3      | Reached XP level 7. HP: 36/40 MP: 9/13
  4695 | D:4      | Reached skill level 1 in Summonings
  4762 | D:4      | Noticed Edmund
  4782 | D:4      | Killed Edmund
  4955 | D:4      | HP: 1/40 [centaur (6)]
  5776 | D:4      | Reached skill level 5 in Ice Magic
  5776 | D:4      | Reached XP level 8. HP: 45/45 MP: 10/14
  6717 | D:5      | Entered Level 5 of the Dungeon
  8172 | D:5      | Reached skill level 5 in Spellcasting
  8584 | D:5      | Noticed a hippogriff
  8603 | D:5      | Killed a hippogriff
  8821 | D:5      | Reached XP level 9. HP: 51/51 MP: 14/17
  8903 | D:5      | Noticed Grinder
  8917 | D:5      | Paralysed by Grinder for 7 turns
  8970 | D:5      | Paralysed by Grinder for 7 turns
  9002 | D:5      | Killed from afar by an orc priest

Levels and vault maps discovered:
D:1:      onia_arrival_mini_maze, layout_basic, st_stairs_8,
          minmay_misc_feat_iff, minmay_shallow_snake_nest
D:2:      layout_rooms, first_ration, chequers_ecumenical_altar_island,
          yredelemnul_altar_generic
D:3:      layout_loops_ring, gup_sewer_entry_spiral, serial_glass,
          glass_columns_a, glass_columns_b
D:4:      layout_basic, uniq_edmund
D:5:      layout_basic, uniq_crazy_yiuf_cottage, uniq_prince_ribbit1,
          uniq_grinder

Skill      XL: |  1  2  3  4  5  6  7  8 |
---------------+-------------------------+-----
Fighting       | 1 2 3 |  3.6
Spellcasting   | 3 4 5 |  5.4
Dodging        | 3 4 |  4.8
Conjurations   | 2 3 4 |  4.8
Ice Magic      | 4 5 |  5.8
Summonings     | 1 3 |  3.4
Stealth        | |  2.6

Action                   |  1- 3 |  4- 6 |  7- 9 || total
-------------------------+-------+-------+-------++-------
Melee: Dagger            |     8 |    94 |    90 ||   192
       Unarmed           |     1 |       |       ||     1
Throw: Dart              |       |       |     7 ||     7
 Cast: Freeze            |    30 |    82 |   147 ||   259
       Throw Frost       |     7 |     2 |    35 ||    44
       Throw Icicle      |       |       |     9 ||     9
       Summon Ice Beast  |       |       |     4 ||     4
  Use: Potion            |       |     3 |       ||     3
       Scroll            |       |     1 |     2 ||     3
 Stab: Sleeping          |     5 |     4 |     4 ||    13
  Eat: Chunk             |    10 |     7 |    21 ||    38
Armor: Robe              |     2 |       |       ||     2
       Leather armour    |       |    25 |    26 ||    51
Dodge: Dodged            |    21 |   124 |   123 ||   268
